Map: Catalyst LE

Players

eonblu

  • Race: Zerg Zerg
  • League: Grandmaster
  • Spawn Location: 11:00

GOStephano (Stephano) - Winner!

  • Race: Zerg Zerg
  • League: Master
  • Spawn Location: 5:00

Event: HomeStory Cup XVII

VOD

Have the link to the VOD?

Description

Time

  • Played on: June 28, 2018, 12:37 p.m.
  • Length: 10:13

All games in this series

Show
View Real Time Build Order
Export as new Build Order

eonblu Zerg 

Build Orders: Hatch First 

Get SALT Encoding   

  12  0:01  Drone  
  13  0:12  Overlord  
  13  0:18  Drone  
  14  0:30  Drone x2  
  16  0:48  Hatchery  
  15  0:52  Drone  
  15  0:55  Drone  
  17  1:06  Extractor  
  16  1:11  Spawning Pool  
  16  1:15  Drone  
  16  1:17  Drone  
  17  1:22  Drone  
  18  1:28  Drone  
  19  1:38  Overlord  
  19  1:50  Drone  
  20  1:58  Queen  
  20  2:00  Queen  
  20  2:01  Zergling x2  
  25  2:02  Zergling x2  
  26  2:09  Metabolic Boost  
  26  2:13  Drone  
  27  2:17  Drone  
  27  2:21  Drone  
  29  2:23  Drone  
  30  2:39  Hatchery  
  29  2:45  Baneling Nest  
  29  2:46  Drone  
  29  2:50  Drone  
  30  2:51  Drone  
  31  3:01  Overlord  
  31  3:08  Zergling x8  
  31  3:09  Zergling x2  
  36  3:19  Zergling x4  
  38  3:20  Zergling x2  
  38  3:24  Overlord  
  39  3:29  Baneling  
  39  3:30  Baneling x3  
  39  3:32  Zergling x4  
  42  3:34  Drone x2  
  42  3:37  Drone  
  44  3:44  Drone x3  
  44  3:47  Drone  
  48  3:49  Drone  
  48  3:54  Drone  
  48  3:55  Drone  
  48  3:59  Drone x2  
  48  4:02  Extractor  
  44  4:08  Roach Warren  
  44  4:09  Queen  
  45  4:13  Zergling x4  
  45  4:15  Baneling x2  
  45  4:16  Zergling x2  
  48  4:20  Zergling x4  
  48  4:31  Drone  
  48  4:32  Drone x2  
  48  4:33  Drone  
  48  4:35  Overlord x2  
  52  4:54  Roach x7  
  64  5:01  Roach  
  64  5:02  Roach  
  67  5:10  Roach x2  
  71  5:22  Zergling x4  
  71  5:23  Zergling x2  
  71  5:24  Overlord  
  71  5:25  Overlord x2  
  74  5:34  Zergling x4  
  73  5:43  Ravager x2  
  73  5:44  Zergling x18  
  73  5:47  Baneling  
  84  5:56  Ravager  
  81  6:09  Zergling x10  
  81  6:10  Zergling x14  
  84  6:21  Zergling x2  
  84  6:22  Zergling x4  
  78  6:26  Drone x2  
  78  6:28  Evolution Chamber  
  78  6:30  Drone x4  
  78  6:32  Zergling x12  
  85  6:39  Ravager  
  86  6:40  Drone, Ravager  
  86  6:41  Lair  
  86  6:42  Drone  
  86  6:43  Drone  
  89  6:49  Drone  
  89  6:50  Drone  
  89  6:52  Drone  
  89  6:58  Drone  
  89  6:59  Drone  
  89  7:00  Zerg Missile Weapons Level 1  
  89  7:01  Drone  
  91  7:03  Overlord, Extractor  
  91  7:05  Extractor  
  89  7:09  Overlord x2  
  89  7:14  Roach x4  
  97  7:16  Overlord x4  
  97  7:18  Drone  
  98  7:25  Drone  
  98  7:26  Drone  
  100  7:30  Overlord  
  100  7:32  Roach x3  
  105  7:39  Roach x3  
  108  7:50  Roach x7  
  119  7:58  Glial Reconstitution  
  116  8:00  Overlord x2  
  116  8:12  Roach  
  121  8:13  Roach x5  
  125  8:20  Extractor  
  125  8:26  Roach x6  
  134  8:34  Overlord x2  
  133  8:35  Drone x4  
  137  8:44  Roach x5  
  137  8:45  Roach x2  
  147  9:02  Roach x7  
  159  9:10  Roach  
  159  9:11  Roach x5  
  145  9:26  Roach x6  
  135  9:38  Roach x3  
  107  9:47  Roach x3  
  107  9:52  Roach x4  
  121  9:53  Ravager  
  121  9:55  Ravager x2  
  126  10:10  Hatchery  
Show
View Real Time Build Order
Export as new Build Order

GOStephano Zerg - Winner!

Build Orders: Hatch First 

Get SALT Encoding   

  12  0:00  Drone  
  13  0:12  Overlord  
  13  0:17  Drone  
  14  0:31  Drone x2  
  16  0:49  Hatchery  
  15  0:52  Drone  
  15  0:55  Drone  
  17  0:59  Drone  
  18  1:09  Extractor  
  17  1:15  Spawning Pool  
  17  1:17  Drone  
  17  1:21  Drone  
  18  1:28  Drone  
  19  1:40  Drone  
  20  1:50  Drone  
  21  2:00  Overlord  
  21  2:02  Queen x2  
  21  2:03  Drone  
  26  2:12  Metabolic Boost, Drone x2  
  28  2:24  Zergling x4  
  30  2:35  Hatchery  
  29  2:37  Drone  
  29  2:43  Queen  
  32  2:53  Baneling Nest, Drone  
  32  2:54  Drone  
  33  3:00  Drone  
  33  3:03  Overlord  
  33  3:08  Zergling x4  
  33  3:10  Drone  
  36  3:13  Overlord  
  36  3:16  Zergling x2, Extractor  
  37  3:22  Drone  
  37  3:23  Drone  
  37  3:25  Zergling x4  
  41  3:31  Zergling x4  
  43  3:37  Baneling x4  
  43  3:38  Zergling x4  
  44  3:43  Zergling x4  
  46  3:50  Drone x3  
  47  4:00  Drone x5  
  48  4:03  Baneling  
  48  4:07  Overlord, Evolution Chamber  
  47  4:14  Drone x4  
  51  4:18  Drone x2  
  51  4:22  Drone x2  
  55  4:24  Drone  
  55  4:30  Drone x2  
  58  4:33  Zerg Missile Weapons Level 1  
  58  4:35  Extractor  
  58  4:36  Extractor  
  56  4:42  Zergling x6  
  56  4:43  Roach Warren, Zergling x2  
  56  4:44  Zergling x2  
  60  4:46  Zergling x4  
  60  4:48  Overlord  
  62  4:54  Overlord  
  61  5:03  Drone x2  
  63  5:07  Drone x6  
  63  5:11  Overlord  
  63  5:13  Overlord  
  69  5:21  Spine Crawler x2  
  67  5:24  Roach x3  
  72  5:29  Roach  
  72  5:30  Roach x2  
  72  5:33  Roach x2  
  82  5:37  Roach x2  
  82  5:40  Roach  
  82  5:41  Roach  
  90  5:43  Roach  
  90  5:45  Roach  
  90  5:48  Baneling x2  
  90  5:49  Baneling  
  94  5:56  Roach  
  93  6:00  Roach x2  
  93  6:04  Roach x2  
  96  6:07  Overlord  
  96  6:11  Roach  
  96  6:16  Overlord x2  
  96  6:21  Roach x2  
  96  6:24  Roach x3  
  94  6:26  Roach  
  94  6:30  Drone x4  
  94  6:31  Extractor x2  
  98  6:33  Drone x6  
  104  6:49  Drone  
  104  6:53  Roach x6  
  117  6:58  Lair  
  117  7:00  Overlord  
  117  7:01  Overlord  
  117  7:09  Zerg Ground Armor Level 1  
  117  7:10  Overlord  
  117  7:12  Overlord  
  117  7:14  Overlord, Evolution Chamber  
  116  7:20  Drone  
  116  7:21  Drone x2  
  119  7:24  Overlord  
  119  7:25  Hatchery  
  118  7:30  Drone x2  
  118  7:32  Overlord x2  
  120  7:37  Overlord  
  120  7:44  Queen  
  119  7:52  Drone x2  
  119  7:55  Zerg Missile Weapons Level 2  
  119  7:56  Glial Reconstitution  
  121  7:59  Drone x3  
  121  8:04  Roach x6  
  138  8:20  Roach x6  
  148  8:29  Roach x5  
  156  8:36  Queen  
  160  8:41  Roach x5  
  160  8:46  Overlord x2  
  160  8:48  Overlord  
  160  8:59  Roach x6  
  162  9:03  Roach  
  162  9:04  Roach x4  
  162  9:09  Roach x3  
  172  9:18  Roach x5  
  180  9:29  Roach x6  
  176  9:33  Roach x3  
  176  9:36  Roach  
  176  9:37  Roach  
  168  9:41  Roach x2  
  172  9:46  Roach x3  
Tags
 
Add a new tag
Caveats
  • Supply blocks, unpowered buildings, or Contaminate may cause inaccurate times.
  • Supply counts are checked every 10 seconds.